 Dungeon Crawl Stone Soup version 0.29-a0-892-g2c4c91d9db (webtiles) character file.

Game seed: 15336714934751337220

146 wingedge the Caller (level 5, -1/40 HPs)
             Began as a Draconian Summoner on July 22, 2022.
             Was a Believer of Makhleb.
             Slain by Grinder (5 damage)
             ... on level 3 of the Dungeon.
             The game lasted 00:12:49 (3593 turns).

wingedge the Caller (Draconian Summoner)            Turns: 3593, Time: 00:12:50

Health: -1/40      AC:  5    Str: 11    XL:     5   Next: 7%
Magic:  8/8        EV: 12    Int: 17    God:    Makhleb [**....]
Gold:   74         SH:  0    Dex: 11    Spells: 3/9 levels left

rFire   . . .      SeeInvis .   a - +0 flail
rCold   . . .      Faith    .   (no shield)
rNeg    . . .      Spirit   .   (body armour unavailable)
rPois   .          Reflect  .   (helmet restricted)
rElec   .          Harm     .   (no cloak)
rCorr   .          Rampage  .   (no gloves)
Will    .....                   (no boots)
Stlth   ++........              l - amulet of magic regeneration
HPRegen 0.13/turn               (no ring)
MPRegen 0.51/turn               (no ring)

@: no status effects
A: AC +5, unfitting armour, cold-blooded, stinger 1, sense surroundings 1,
MP-powered wands
a: Renounce Religion, Minor Destruction


You were on level 3 of the Dungeon.
You worshipped Makhleb.
Makhleb was pleased with you.
You visited 1 branch of the dungeon, and saw 3 of its levels.

You collected 114 gold pieces.
You spent 40 gold pieces at shops.

Inventory:

Hand Weapons
 a - a +0 flail (weapon)
 b - a +0 sling
Missiles
 c - an atropa-tipped dart
Jewellery
 l - an amulet of magic regeneration (around neck)
Scrolls
 g - a scroll of fear
 m - a scroll of immolation {unknown}
 n - a scroll of summoning {unknown}
Potions
 f - 2 potions of haste
 h - a potion of magic
 j - a potion of brilliance {unknown}
 k - a potion of attraction


   Skills:
 * Level 1.5 Fighting
 - Level 1.7 Dodging
 - Level 1.7 Stealth
 + Level 2.5 Spellcasting
 * Level 2.1 Hexes
 + Level 4.4 Summonings
 * Level 2.4 Invocations


You had 3 spell levels left.
You knew the following spells:

 Your Spells              Type           Power      Damage    Failure   Level
a - Summon Small Mammal   Summ           68%        N/A       3%          1
b - Call Imp              Summ           17%        N/A       4%          2
c - Call Canine Familiar  Summ           17%        N/A       9%          3

Your spell library contained the following spells:

 Spells                   Type           Power      Damage    Failure   Level
 Summon Guardian Golem    Hex/Summ       13%        N/A       14%         3
 Summon Lightning Spire   Summ/Air       9%         N/A       58%         4


Dungeon Overview and Level Annotations

Branches:
Dungeon (3/15)

Altars:
Makhleb

Shops:
D:1 :??:

Annotations:
D:3 Grinder


Innate Abilities, Weirdness & Mutations

Your plain brown scales are hard. (AC +5)
You cannot fit into any form of body armour.
You are cold-blooded and may be slowed by cold attacks.
Your tail ends in a venomous barb.
You passively map a small area around you.
You expend magic power (3 MP) to strengthen your wands.


Message History

Your bat barely misses something.
Your hound bites something.
Your bat barely misses something.
Something hits you.
Your hound barely misses something.
Your bat hits something.
Throw: 2 darts (atropa)
Press: ? - help, Shift-Dir - straight line You throw an atropa-tipped dart.
Your bat misses something.
Your bat hits something but does no damage.
Your hound bites something.
Something hits you.
You writhe in agony.
* * * LOW HITPOINT WARNING * * *
Your bat hits something but does no damage.
You feel better.
Your bat barely misses something.
Your hound bites something but does no damage.
You see here an atropa-tipped dart.
Your hound bites something.
Your hound suddenly stops moving!
Your bat barely misses something.
Your bat misses something. Something hits your hound.
Your hound writhes in agony.
Something hits you.
You closely miss something. Something hits you but does no damage.
You hit something.
Your butterfly disappears in a burst of colours!
Something hits you.
You writhe in agony.
* * * LOW HITPOINT WARNING * * *
What are your orders? t - Shout!
Orders for allies: a - Attack new target. r - Retreat! s - Stop attacking. g - Guard the area. f - Follow me.
Anything else - Cancel.
Gang up on whom?
Press: ? - help, Dir - move target There's nothing there!
You hit something.
Your tail-slap misses something.
Something hits you.
* * * LOW HITPOINT WARNING * * *
You writhe in agony.
* * * LOW HITPOINT WARNING * * *
Something hits you.
You die...

#..### ##.....##
#......###. #.##
##...## #.#.#### #.
#.# ##'## #.#.# #.
#.# #.# #.#.######.
#.# #.#
####.#........ #.#
#.# #....#########
#.# #######(#ยง.# #
#.#### #.{hb.(.##.#
#
#.>..#######..@rb..#
.#
####..........5.bb.#
# #######.#.......#
* #.........#**
########### #.#
###########.#
#.........#.#
#.#.....#.#.# ###


You could see a friendly hound (summoned, paralysed), a friendly white imp
(summoned), a friendly quokka (summoned) and a friendly bat (summoned).

Vanquished Creatures
  An orc priest (D:3)
  An endoplasm (D:1)
  2 giant cockroaches (D:2)
  6 goblins
  2 hobgoblins (D:2)
  A kobold (D:3)
  A quokka (D:2)
  5 bats
  3 frilled lizards (D:2)
  2 rats
24 creatures vanquished.

Vanquished Creatures (collateral kills)
  Terence (D:3)
  3 adders
  A worm (D:2)
  2 dart slugs
  4 orcs (D:3)
  4 bats
  4 endoplasms
  A giant cockroach (D:2)
  A goblin (D:2)
  2 ball pythons
  3 frilled lizards
  2 kobolds
  2 rats
30 creatures vanquished.

Vanquished Creatures (others)
  21 plants (D:2)
21 creatures vanquished.

Grand Total: 75 creatures vanquished

Notes
Turn   | Place    | Note
-------+----------+-------------------------------------------
     0 | D:1      | wingedge the Draconian Summoner began the quest for the
                  | Orb.
     0 | D:1      | Reached XP level 1. HP: 14/14 MP: 3/3
    33 | D:1      | Found Bad Ascho's Magic Scroll Boutique.
    44 | D:1      | Found Woivucw's Book Emporium.
   112 | D:1      | Found Husuniaff's Book Shop.
   196 | D:1      | Found a faded altar of an unknown god.
   204 | D:1      | Prayed at the altar of an unknown god.
   204 | D:1      | Became a worshipper of Makhleb the Destroyer
   204 | D:1      | Reached * piety under Makhleb
   550 | D:1      | Found Saaq's Magic Scroll Shop.
   565 | D:1      | Bought a scroll of identify for 20 gold pieces
   565 | D:1      | Bought a scroll of identify for 20 gold pieces
   684 | D:1      | Reached XP level 2. HP: 20/20 MP: 3/5
  1000 | D:2      | Reached skill level 1 in Hexes
  1034 | D:2      | Learned a level 2 spell: Call Imp
  1242 | D:2      | Reached skill level 1 in Invocations
  1307 | D:2      | Reached ** piety under Makhleb
  1315 | D:2      | Reached XP level 3. HP: 26/26 MP: 2/6
  1372 | D:2      | Learned a level 3 spell: Call Canine Familiar
  2793 | D:3      | Noticed Terence
  2806 | D:3      | Killed Terence
  2807 | D:3      | Reached skill level 1 in Fighting
  2807 | D:3      | Reached XP level 4. HP: 35/35 MP: 2/7
  3248 | D:3      | Reached XP level 5. HP: 26/40 MP: 6/8
  3565 | D:3      | Noticed Grinder
  3581 | D:3      | Gained mutation: Your tail ends in a venomous barb. [potion
                  | of mutation]
  3581 | D:3      | Gained mutation: You passively map a small area around you.
                  | [potion of mutation]
  3581 | D:3      | Gained mutation: You expend magic power (3 MP) to
                  | strengthen your wands. [potion of mutation]
  3593 | D:3      | Slain by Grinder

Illustrated notes

Levels and vault maps discovered:
D:1:      lightli_arrival_noodles, layout_basic, basic_ecumenical_altar,
          serial_shops, nicolae_shop_waterfront, shop, shop,
          nicolae_shop_hallway_stairs
D:2:      layout_loops_ring, serial_forest, infiniplex_forest_3_way,
          infiniplex_forest_end_3, infiniplex_forest_end_3,
          infiniplex_forest_pool, infiniplex_forest_corner_2,
          infiniplex_forest_clump_long, infiniplex_forest_straight_1,
          infiniplex_forest_clump_cross, infiniplex_forest_3_way,
          dk_noncrumbling_4, chequers_serial_rivers_micro_c
D:3:      layout_loops_corners, minmay_crystal_room, uniq_grinder, uniq_terence

Skill      XL: |  1  2  3  4 |
---------------+-------------+-----
Hexes          | 1 2 |  2.1
Invocations    | 1 2 |  2.4
Fighting       | 1 |  1.5
Dodging        | |  1.7
Stealth        | |  1.7
Spellcasting   | |  2.5
Summonings     | |  4.4

Action                   |  1- 3 |  4- 6 || total
-------------------------+-------+-------++-------
Melee: Flail             |    87 |     6 ||    93
       Punch             |     2 |       ||     2
       Tailslap          |     6 |       ||     6
 Fire: Sling             |    10 |       ||    10
Throw: Dart              |       |     3 ||     3
 Cast: Summon Small Mamm |    26 |     4 ||    30
       Call Imp          |     7 |     5 ||    12
       Call Canine Famil |     4 |     6 ||    10
Invok: Minor Destruction |     2 |       ||     2
  Use: Scroll            |     5 |     2 ||     7
       Potion            |       |     2 ||     2
Armor: Skin              |    37 |     2 ||    39
Dodge: Dodged            |   100 |       ||   100

Table legend: (Time is in decaauts)
 A = Elapsed time spent in this place.
 B = Non-inter-level travel time spent in this place.
 C = Inter-level travel time spent in this place.
 D = Time resting spent in this place.
 E = Time spent auto-exploring this place.
 F = Levels seen in this place.
 G = Mean time per level.
                   A        B        C        D        E       F      G
               +--------+--------+--------+--------+--------+-----+--------+
         Total |   3637 |   3590 |     47 |    617 |   2305 |   3 | 1212.3 |
       Dungeon |   3637 |   3590 |     47 |    617 |   2305 |   3 | 1212.3 |
               +--------+--------+--------+--------+--------+-----+--------+

Top non-repeatable levels by time:
     D:2: 1750 daAuts
     D:1: 975 daAuts
     D:3: 911 daAuts
